 Dungeon Crawl Stone Soup version 0.21.1-1-g345015f (webtiles) character file.

227 Kairos the Poker (level 6, -1/47 HPs)
             Began as a Merfolk Skald on Mar 25, 2018.
             Slain by an orc wizard
             ... wielding a +0 dagger
              (4 damage)
             ... on level 3 of the Dungeon.
             The game lasted 00:05:10 (3464 turns).

Kairos the Poker (Merfolk Skald)                    Turns: 3464, Time: 00:05:11

Health: -1/47      AC:  3    Str: 13    XL:     6   Next: 2%
Magic:  6/9        EV: 13    Int: 16    God:
Gold:   125        SH:  0    Dex: 13    Spells: 8/9 levels left

rFire    . . .     SeeInvis .   a - +0 spear
rCold    . . .     Gourm    .   (no shield)
rNeg     . . .     Faith    .   b - +0 leather armour
rPois    .         Spirit   .   (no helmet)
rElec    .         Reflect  .   (no cloak)
rCorr    .         Harm     .   (no gloves)
MR       .....                  (no boots)
Stlth    +.........             (no amulet)
HPRegen  0.15/turn              l - +3 ring of intelligence
MPRegen  0.11/turn              (no ring)

@: no status effects
A: change form in water, swift swim, stealthy swim
a: no special abilities


You were on level 3 of the Dungeon.
You were not hungry.

You visited 1 branch of the dungeon, and saw 3 of its levels.

You collected 125 gold pieces.

Inventory:

Hand Weapons
 a - a +0 spear (weapon)
 d - a +0 halberd
Armour
 b - a +0 leather armour (worn)
Jewellery
 l - a +3 ring of intelligence (left hand)
Scrolls
 f - 3 scrolls of identify {unknown}
 g - 3 scrolls of teleportation {unknown}
 h - a scroll of fog {unknown}
 m - a scroll of amnesia {unknown}
 o - 2 scrolls of immolation {unknown}
 p - a scroll of magic mapping {unknown}
 q - 2 scrolls of remove curse {unknown}
 s - a scroll of noise {unknown}
Potions
 e - 2 potions of resistance {unknown}
 i - 2 potions of agility {unknown}
 j - 2 potions of lignification {unknown}
 k - a potion of might {unknown}
 r - a potion of heal wounds {unknown}
Books
 c - a book of Battle

   Spells                             Type                      Level
   a - Infusion                       Charms                       1
   b - Shroud of Golubria             Charms/Translocation         2
   c - Song of Slaying                Charms                       2
   d - Spectral Weapon                Hexes/Charms                 3
   e - Regeneration                   Charms/Necromancy            3
Comestibles
 n - 3 rations


   Skills:
 + Level 3.3 Fighting
 + Level 5.2 Polearms
 + Level 1.5 Armour
 + Level 3.3 Dodging
 + Level 1.2 Stealth
 + Level 2.2 Spellcasting
 + Level 4.4 Charms


You had 8 spell levels left.
You knew the following spells:

 Your Spells              Type           Power        Failure   Level  Hunger
a - Infusion              Chrm           ###.         4%          1    #......


Dungeon Overview and Level Annotations

Branches:
Dungeon (3/15)

Altars:


Message History

The orc wizard is heavily wounded.
The orc wizard gestures wildly while chanting.
The orc wizard blinks!
The orc wizard gestures wildly while chanting.
The orc wizard blinks!
The kobold hits you with a short sword of flaming.
* * * LOW HITPOINT WARNING * * *
The kobold burns you.
* * * LOW HITPOINT WARNING * * *
There is an open door, spattered with blood here.
Things that are here:
a club; a robe An orc comes into view.
The kobold misses you.
Found a mace.
Found a stone staircase leading down.
An orc comes into view. It is wielding a flail.
A hobgoblin comes into view. It is wielding a club.
The kobold closely misses you. The orc wizard hits you with a dagger.
You die...

#'##..#.#..).#
############ #.
##.#.#....# #.
#...#....#
##..#....#
########
#....####......#
#..............#
#...o...K......#
#>........o......#
#.###.....@......#
#. #.........####
# #.........#
....)......#
##.........#
#....g....#
...........#
###......)?#


You could see an orc wizard, an orc, a hobgoblin and a kobold.

Vanquished Creatures
  The ghost of Redear the Ruffian, a weakling VSMo (D:3)
  A hound (D:3)
  Jessica (D:3)
  3 adders (D:2)
  3 gnolls
  2 oozes
  3 worms
  A dart slug (D:2)
  2 leopard geckos
  2 orcs (D:3)
  6 bats
  2 giant cockroaches (D:1)
  5 goblins
  12 hobgoblins
  3 jackals (D:3)
  3 kobolds
  A quokka (D:2)
  A ball python (D:1)
  5 frilled lizards
  A jackal skeleton (D:2)
  4 rats
  A plant (D:1)
63 creatures vanquished.

Notes
Turn   | Place    | Note
-------+----------+-------------------------------------------
     0 | D:1      | Kairos the Merfolk Skald began the quest for the Orb.
     0 | D:1      | Reached XP level 1. HP: 16/16 MP: 3/3
    77 | D:1      | Reached XP level 2. HP: 21/23 MP: 5/5
   555 | D:1      | Reached XP level 3. HP: 28/28 MP: 6/6
  1477 | D:2      | Reached XP level 4. HP: 34/34 MP: 1/7
  1613 | D:2      | Reached skill level 4 in Polearms
  1643 | D:2      | Reached skill level 1 in Armour
  2577 | D:2      | Reached XP level 5. HP: 40/41 MP: 2/8
  2939 | D:3      | Noticed Redear's ghost (weakling VSMo)
  2990 | D:3      | Killed Redear's ghost
  3069 | D:3      | Reached skill level 5 in Polearms
  3412 | D:3      | Reached skill level 1 in Stealth
  3419 | D:3      | Noticed Jessica
  3442 | D:3      | Killed Jessica
  3442 | D:3      | Reached XP level 6. HP: 22/47 MP: 4/9
  3450 | D:3      | HP: 1/47 [kobold/short sword of flaming (2)]
  3464 | D:3      | Slain by an orc wizard

Skill      XL: |  1  2  3  4  5 |
---------------+----------------+-----
Charms         | 4 |  4.4
Polearms       | 4 5 |  5.2
Armour         | 1 |  1.5
Fighting       | 3 |  3.3
Dodging        | 3 |  3.3
Stealth        | 1 |  1.2
Spellcasting   | |  2.2

Action                   |  1- 3 |  4- 6 || total
-------------------------+-------+-------++-------
Melee: Spear             |   141 |   221 ||   362
       Tailslap          |       |     4 ||     4
 Cast: Infusion          |     2 |     5 ||     7
 Stab: Sleeping          |     2 |       ||     2
  Eat: Chunk             |       |     5 ||     5
       Ration            |       |     1 ||     1
Armor: Leather armour    |     7 |    34 ||    41
Dodge: Dodged            |    29 |   113 ||   142
